 Dungeon Crawl Stone Soup version 0.31.0-11-ge490571c62 (webtiles) character file.

Game seed: 465605297810648639

103856 qw the Markself (level 15, -10/96 HPs)
             Began as a Deep Elf Hunter on Feb 3, 2024.
             Was a High Priest of Okawaru.
             Mangled by Saint Roka
             ... wielding a +0 great sword
              (29 damage)
             ... on level 2 of the Orcish Mines.
             The game lasted 00:08:52 (23007 turns).

qw the Markself (Deep Elf Hunter)                  Turns: 23007, Time: 00:08:53

Health: -10/96     AC: 22    Str: 14    XL:     15   Next: 90%
Magic:  22/24      EV: 21    Int: 16    God:    Okawaru [*****.]
Gold:   1808       SH:  5    Dex: 26    Spells: 14/14 levels left

rFire   + + .        r - +0 longbow
rCold   x . .        (shield currently unavailable)
rNeg    . . .        i - +1 fire dragon scales
rPois   +            l - +2 helmet
rElec   .            q - +1 cloak
rCorr   .            u - +0 pair of gloves
SInv    .            j - +1 pair of boots
Will    +....        o - amulet of reflection
Stlth   ++           d - +6 ring of dexterity
HPRegen 0.36/turn    p - ring of poison resistance
MPRegen 0.19/turn

%: random rage (3%), reflection
@: about to teleport, finesse-ful
A: thin skeletal structure 1, berserk 1, MP-powered wands
a: Renounce Religion, Heroism, Finesse, Duel


You were on level 2 of the Orcish Mines.
You worshipped Okawaru.
Okawaru was extremely pleased with you.
You visited 4 branches of the dungeon, and saw 23 of its levels.

You collected 2668 gold pieces.
You spent 860 gold pieces at shops.


Innate Abilities, Weirdness & Mutations

You have a somewhat thin skeletal structure. (Dex +2, Stealth+)
You sometimes lose your temper in combat.
You expend magic power (3 MP) to strengthen your wands.


   Skills:
 - Level 12.0 Fighting
 - Level 20.0 Ranged Weapons
 - Level 10.0 Armour
 + Level 17.2 Dodging
 - Level 1.2 Stealth
 - Level 10.0 Invocations


You had 14 spell levels left.
You didn't know any spells.
Your spell library was empty.

Inventory:

Hand Weapons
 r - a +0 longbow (weapon)
Armour
 b - a +3 ring mail
 i - +1 fire dragon scales (worn)
 j - a +1 pair of boots (worn)
 l - a +2 helmet (worn)
 n - the +0 leather armour of Refuge {rF+++ rN+ Will+ Stlth-}
   (You found it on level 15 of the Dungeon)

   rF+++:     It renders you almost immune to fire.
   rN+:       It protects you from negative energy.
   Will+:     It increases your willpower.
   Stlth-:    It makes you less stealthy.
 q - a +1 cloak (worn)
 u - a +0 pair of gloves (worn)
 y - a +2 cloak
Jewellery
 d - a +6 ring of dexterity (left hand)
 o - an amulet of reflection (around neck)
 p - a ring of poison resistance (right hand)
 s - a +4 ring of slaying {mikee}
Wands
 c - a wand of iceblast (6)
 e - a wand of polymorph (11)
 m - a wand of digging (13)
Scrolls
 f - 2 scrolls of identify
 g - a scroll of teleportation
Potions
 a - a potion of magic
 h - 11 potions of curing
 k - 4 potions of enlightenment
 t - a potion of haste
 v - 3 potions of might
 w - 2 potions of resistance
 x - a potion of cancellation

Dungeon Overview and Level Annotations

Branches:
Dungeon (15/15)            Temple (1/1) D:6            Lair (5/5) D:11
 Shoals (0/4) Lair:3        Snake (0/4) Lair:2        Slime (0/5) Lair:5
    Orc (2/2) D:12            Elf (0/3) Orc:2        Vaults (0/5) D:14
 Depths (0/4) D:15

Altars:
Ashenzari
Cheibriados
Dithmenos
Elyvilon
Fedhas
Gozag
Hepliaklqana
Kikubaaqudgha
Makhleb
Nemelex Xobeh
Okawaru
Qazlal
Ru
Sif Muna
Trog
Uskayaw
Vehumet
Wu Jian
Xom
Yredelemnul
Zin
The Shining One
Jiyva

Shops:
D:2 :   D:9 =   D:10 :   Orc:2 !

Annotations:
D:3 1 runed translucent door
D:12 3 runed translucent doors
D:15 1 runed translucent door, qw's ghost, journeyman SpHu
Orc:2 Saint Roka


Message History

You shoot an arrow. The arrow hits Saint Roka!!
Saint Roka is moderately wounded.
You shoot an arrow. The arrow hits Saint Roka!
Saint Roka is moderately wounded.
Saint Roka calls down the wrath of Beogh upon you.
Beogh smites you!
You shoot an arrow. The arrow hits Saint Roka.
Saint Roka is moderately wounded.
You shoot an arrow. The arrow hits Saint Roka!
Saint Roka is moderately wounded.
The orc warrior completely misses you.
Saint Roka hits you with a +0 great sword.
The orc closely misses you.
You shoot an arrow. The arrow hits Saint Roka!!
Saint Roka is heavily wounded.
You shoot an arrow. The arrow hits Saint Roka!
Saint Roka is heavily wounded.
The orc warrior hits you but does no damage.
You shoot an arrow.
The arrow hits Saint Roka but does no damage.
Saint Roka is heavily wounded.
The orc no longer looks unusually strong.
The orc barely misses you. The orc closely misses you.
Saint Roka roars a battlecry!
The orc goes into a battle-frenzy!
You shoot an arrow. The arrow hits Saint Roka.
Saint Roka is heavily wounded.
The orc warrior closely misses you.
You shoot an arrow. The arrow hits Saint Roka!
Saint Roka is severely wounded.
The orc completely misses you. x2
Saint Roka invokes the aid of Beogh against you.
Beogh smites you!
23007 ||| READING 2 scrolls of teleportation.
As you read the scroll of teleportation, it crumbles to dust.
You feel strangely unstable. The orc warrior closely misses you.
Saint Roka hits you with a +0 great sword!!
You die...
Saint Roka roars, "Praise to Beogh!"

..# ##.....##
##...# .##
##.#.## #.....
..# ##.[## ##.#.#
.## #....# ##.###
## #...)## #...#
###.8%8.### ##.##
###..[.))...###
###
##...##'))##...##
#..###..o@.###..#
#.## #8.oo8# ##.#
#.# ##.o)## #.#
#.# #...# #.# #.#
'..)' #.# #.#
.#...# #.# #.#
###.8)# #.# #.#
#...# #.# #.# ' '
#.#


You could see Saint Roka, an orc warrior (strong) and 2 orcs.

Vanquished Creatures
  Jorgrun (D:12)
  A sphinx (D:14)
  Kirke (Lair:4)
  A frost giant (D:14)
  An orc warlord (D:12)
  Snorg (D:12)
  An ettin (D:14)
  A crystal guardian (D:14)
  A fire dragon (Lair:5)
  3 hydras
  A rakshasa (D:15)
  5 vault guards (D:14)
  An ogre mage (D:14)
  5 two-headed ogres
  4 centaur warriors
  Erica (Lair:2)
  A boulder beetle (D:14)
  3 death yaks
  3 orc high priests
  Sonja (D:13)
  Nergalle (Lair:1)
  A deep elf knight (D:14)
  3 skeletal warriors (D:13)
  2 lindwurms (Lair:5)
  3 arcanists
  3 deep elf pyromancers
  A necromancer (D:15)
  6 orc sorcerers
  A wolf spider (D:14)
  15 ugly things
  4 orc knights
  5 oklob plants (Lair:5)
  4 manticores
  5 cyclopes
  3 meliai (D:13)
  10 elephants
  Maurice (Orc:2)
  6 black mambas
  7 kobold blastminers
  A black mamba (shapeshifter) (D:14)
  A centaur zombie (D:15)
  7 torpor snails
  2 gargoyles
  16 cane toads
  7 komodo dragons
  Jeremiah (D:7)
  A freezing wraith (D:14)
  3 unseen horrors
  2 tengu conjurers
  An unseen horror (shapeshifter) (D:15)
  4 rime drakes
  2 efreet
  A centaur skeleton (D:15)
  7 trolls
  3 tyrant leeches (Lair:5)
  6 polar bears
  9 hornets
  26 blink frogs
  2 dream sheep (Lair:5)
  5 slime creatures (D:14)
  A centaur simulacrum (D:15)
  2 wraiths (D:12)
  3 shadows
  7 wyverns
  42 yaks
  2 water elementals (D:15)
  7 humans
  2 basilisks (Lair:4)
  A hog (Lair:4)
  8 wargs
  Eustachio (D:4)
  2 steam dragons
  4 acid dragons
  3 nagas (Lair:2)
  17 water moccasins
  29 orc warriors
  An ice beast (D:7)
  2 laughing skulls (D:13)
  2 black bears
  5 ogres
  A boggart (D:14)
  18 centaurs
  11 wolves
  A phantom (D:5)
  15 bullfrogs
  2 kobold brigands
  A scorpion (D:6)
  12 wights
  14 killer bees
  3 howler monkeys
  10 electric eels
  A lava snake (D:14)
  3 hounds
  2 jellies (D:5)
  18 orc priests
  A sleepcap (D:5)
  3 iguanas
  36 orc wizards
  A boggart zombie (D:15)
  4 hell rats (Lair:2)
  7 adders
  A white imp (D:5)
  4 ufetubi
  A ribbon worm (D:4)
  2 dart slugs (D:2)
  94 orcs
  5 endoplasms
  5 giant cockroaches
  9 hobgoblins
  3 jackals (D:4)
  25 kobolds
  6 quokkas
  9 ball pythons
  6 bats
  A frilled lizard (D:2)
  8 goblins
  A goblin zombie (D:3)
  A jackal zombie (D:3)
  4 rats
715 creatures vanquished.

Vanquished Creatures (others)
  An occultist (D:15)
  An orc (D:7)
2 creatures vanquished.

Grand Total: 717 creatures vanquished

Notes
Turn   | Place    | Note
-------+----------+-------------------------------------------
     0 | D:1      | qw the Deep Elf Hunter began the quest for the Orb.
     0 | D:1      | Reached XP level 1. HP: 12/12 MP: 3/3
     0 | D:1      | 0 ||| qw: Version: 0.3-a-155-g5e7d8dd
     0 | D:1      | 0 ||| qw: Game counter: 3409
     0 | D:1      | 0 ||| qw: Melee chars always use a shield: true
     0 | D:1      | 0 ||| qw: God list: Okawaru
     0 | D:1      | 0 ||| qw: Allow faded altars: false
     0 | D:1      | 0 ||| qw: Do Orc after clearing Dungeon:15 true
     0 | D:1      | 0 ||| qw: Do second Lair branch before Depths: true
     0 | D:1      | 0 ||| qw: Lair rune preference: random
     0 | D:1      | 0 ||| qw: Goals: Normal
     0 | D:1      | 0 ||| PLANNING D:1-11
   179 | D:1      | HP: 2/12 [kobold/+0 whip (3)]
   261 | D:1      | Found a faded altar of an unknown god.
   306 | D:1      | Reached XP level 2. HP: 16/16 MP: 4/4
   358 | D:1      | Reached skill level 6 in Ranged Weapons
   816 | D:1      | 816 ||| UPGRADING to +0 ring mail.
   826 | D:1      | 826 ||| DROPPING +0 leather armour.
   827 | D:1      | 827 ||| UPGRADING to +6 ring of dexterity.
   828 | D:1      | 828 ||| READING scroll labelled COKYUWKEHEU.
   831 | D:1      | 831 ||| READING scroll labelled KEHOFR RAUV.
   832 | D:1      | 832 ||| DRINKING 2 puce potions.
   833 | D:1      | 833 ||| DROPPING scroll of butterflies.
   915 | D:2      | Reached XP level 3. HP: 11/20 MP: 5/5
  1225 | D:2      | Reached skill level 7 in Ranged Weapons
  1261 | D:2      | Found Mol Uwy's Book Shop.
  1500 | D:2      | Identified the +5 mace of Terra Nullius {freeze, rPois
                  | rN+++ Int+2 Dex-2}
  1563 | D:2      | 1563 ||| UPGRADING to +0 pair of boots.
  1568 | D:2      | 1568 ||| READING scroll labelled VEMUOL LI LULYR.
  1568 | D:2      | 1568 ||| ENCHANTING +0 pair of boots.
  1569 | D:2      | 1569 ||| READING scroll labelled YQULUE SANUPH.
  1670 | D:2      | 1670 ||| READING scroll labelled OQIDO ZUOSKORE.
  1670 | D:2      | Identified a scroll of acquirement
  1670 | D:2      | 1670 ||| ACQUIRING +4 arbalest of freezing
  1670 | D:2      | Acquired a +4 arbalest of freezing
  1672 | D:2      | 1672 ||| SWAPPING to +4 arbalest of freezing.
  1673 | D:2      | 1673 ||| DROPPING +0 shortbow.
  1674 | D:2      | 1674 ||| READING scroll labelled ZEIVOU FIMP.
  1674 | D:2      | 1674 ||| ENCHANTING +4 arbalest of freezing.
  1743 | D:3      | Found a runed translucent door.
  1743 | D:3      | Noticed a human
  1747 | D:3      | Found a basalt altar of Yredelemnul.
  1833 | D:3      | Reached XP level 4. HP: 25/25 MP: 6/6
  2099 | D:3      | Reached skill level 8 in Ranged Weapons
  2337 | D:3      | 2337 ||| READING scroll labelled BEOCUOKU DIUL.
  2338 | D:3      | 2338 ||| READING 4 scrolls labelled AZONKU LIWILO.
  2338 | D:3      | 2338 ||| IDENTIFYING viscous ruby potion
  2339 | D:3      | 2339 ||| READING 3 scrolls of identify.
  2339 | D:3      | 2339 ||| IDENTIFYING metallic purple potion
  2340 | D:3      | 2340 ||| READING 2 scrolls of identify.
  2340 | D:3      | 2340 ||| IDENTIFYING 2 scrolls labelled SYAGHU OGRE
  2341 | D:3      | 2341 ||| DROPPING potion of invisibility.
  2342 | D:3      | 2342 ||| DROPPING potion of lignification.
  2343 | D:3      | 2343 ||| DROPPING 2 scrolls of noise.
  2397 | D:4      | Reached skill level 3 in Dodging
  2397 | D:4      | Reached XP level 5. HP: 21/29 MP: 7/7
  2397 | D:4      | 2397 ||| FLEEEEING.
  2398 | D:4      | 2398 ||| FLEEEEING.
  2399 | D:4      | 2399 ||| STAIRDANCE
  2501 | D:4      | Noticed Eustachio
  2504 | D:4      | Killed Eustachio
  2505 | D:4      | Reached skill level 9 in Ranged Weapons
  2505 | D:4      | Reached XP level 6. HP: 34/34 MP: 8/8
  2968 | D:4      | 2968 ||| UPGRADING to +2 helmet.
  2973 | D:4      | 2973 ||| DROPPING ring of wizardry.
  2974 | D:4      | 2974 ||| READING 2 scrolls of identify.
  2974 | D:4      | 2974 ||| IDENTIFYING purple potion
  2975 | D:4      | 2975 ||| READING scroll of identify.
  2975 | D:4      | 2975 ||| IDENTIFYING green potion
  2976 | D:4      | 2976 ||| READING 4 scrolls labelled HOETRU LATZ.
  3077 | D:4      | 3077 ||| READING scroll labelled QACHORIANK.
  3078 | D:4      | 3078 ||| DROPPING 3 scrolls of silence.
  3079 | D:4      | 3079 ||| DROPPING potion of degeneration.
  3080 | D:4      | 3080 ||| DROPPING potion of magic.
  3097 | D:5      | Entered Level 5 of the Dungeon
  3100 | D:5      | 3100 ||| STAIRDANCE
  3128 | D:5      | 3128 ||| STAIRDANCE
  3203 | D:5      | Reached skill level 1 in Armour
  3279 | D:5      | Reached skill level 10 in Ranged Weapons
  3279 | D:5      | Reached XP level 7. HP: 40/40 MP: 9/9
  3481 | D:5      | Reached skill level 11 in Ranged Weapons
  3481 | D:5      | 3481 ||| FLEEEEING.
  3482 | D:5      | 3482 ||| FLEEEEING.
  3483 | D:5      | 3483 ||| FLEEEEING.
  3484 | D:5      | 3484 ||| FLEEEEING.
  3485 | D:5      | 3485 ||| FLEEEEING.
  3486 | D:5      | 3486 ||| FLEEEEING.
  3487 | D:5      | 3487 ||| FLEEEEING.
  3488 | D:5      | 3488 ||| FLEEEEING.
  3489 | D:5      | 3489 ||| FLEEEEING.
  3490 | D:5      | 3490 ||| FLEEEEING.
  3491 | D:5      | 3491 ||| FLEEEEING.
  3492 | D:5      | 3492 ||| FLEEEEING.
  3493 | D:5      | 3493 ||| FLEEEEING.
  3742 | D:5      | 3742 ||| READING scroll of identify.
  3742 | D:5      | 3742 ||| IDENTIFYING viscous orange potion
  3743 | D:5      | 3743 ||| READING scroll labelled ELUISU LAACIO.
  3743 | D:5      | 3743 ||| BRANDING +5 arbalest of freezing.
  3764 | D:6      | 3764 ||| STAIRDANCE
  3842 | D:6      | 3842 ||| STAIRDANCE
  3904 | D:6      | 3904 ||| STAIRDANCE
  3907 | D:5      | HP: 9/40 [poisoned by an orc warrior]
  3912 | D:5      | HP: 5/40 [poisoned by an orc warrior]
  4058 | D:6      | Reached skill level 12 in Ranged Weapons
  4058 | D:6      | Reached XP level 8. HP: 44/44 MP: 10/10
  4287 | D:6      | Reached skill level 3 in Fighting
  4410 | D:6      | Found a staircase to the Ecumenical Temple.
  4411 | D:6      | 4411 ||| PLANNING TEMPLE
  4411 | D:6      | 4411 ||| DROPPING scarf of harm.
  4412 | D:6      | 4412 ||| DROPPING +2 helmet.
  4413 | D:6      | 4413 ||| UPGRADING to ring of see invisible.
  4426 | Temple   | Entered the Ecumenical Temple
  4427 | Temple   | 4427 ||| PLANNING OKAWARU WORSHIP
  4436 | Temple   | Became a worshipper of Warmaster Okawaru
  4437 | Temple   | 4437 ||| PLANNING D:1-11
  4741 | D:7      | Noticed Jeremiah
  4742 | D:7      | 4742 ||| ZAPPING wand of iceblast (4) at 5,-1 (Jeremiah;
                  | floor).
  4746 | D:7      | 4746 ||| FLEEEEING.
  4752 | D:7      | 4752 ||| FLEEEEING.
  4753 | D:7      | 4753 ||| FLEEEEING.
  4754 | D:7      | 4754 ||| FLEEEEING.
  4757 | D:7      | 4757 ||| FLEEEEING.
  4758 | D:7      | 4758 ||| FLEEEEING.
  4759 | D:7      | 4759 ||| FLEEEEING.
  4760 | D:7      | 4760 ||| FLEEEEING.
  4761 | D:7      | 4761 ||| FLEEEEING.
  4768 | D:7      | 4768 ||| ZAPPING wand of iceblast (3) at 3,2 (Jeremiah;
                  | floor).
  4784 | D:7      | 4784 ||| ZAPPING wand of iceblast (2) at -2,-1 (Jeremiah;
                  | floor).
  4789 | D:7      | 4789 ||| ZAPPING wand of iceblast (1) at -2,-1 (Jeremiah;
                  | floor).
  4796 | D:7      | 4796 ||| FLEEEEING.
  4797 | D:7      | 4797 ||| FLEEEEING.
  4798 | D:7      | 4798 ||| FLEEEEING.
  4803 | D:7      | 4803 ||| FLEEEEING.
  4804 | D:7      | 4804 ||| FLEEEEING.
  4805 | D:7      | 4805 ||| FLEEEEING.
  4810 | D:7      | 4810 ||| FLEEEEING.
  4811 | D:7      | 4811 ||| FLEEEEING.
  4813 | D:7      | Killed Jeremiah
  4814 | D:7      | Reached skill level 13 in Ranged Weapons
  5004 | D:7      | 5004 ||| FLEEEEING.
  5007 | D:7      | 5007 ||| FLEEEEING.
  5008 | D:7      | 5008 ||| FLEEEEING.
  5009 | D:7      | 5009 ||| FLEEEEING.
  5010 | D:7      | 5010 ||| FLEEEEING.
  5011 | D:7      | 5011 ||| FLEEEEING.
  5012 | D:7      | 5012 ||| FLEEEEING.
  5013 | D:7      | 5013 ||| FLEEEEING.
  5111 | D:7      | 5111 ||| Stepping ~*~*~tactically~*~*~ (cloud).
  5129 | D:7      | 5129 ||| FLEEEEING.
  5130 | D:7      | 5130 ||| FLEEEEING.
  5142 | D:7      | Reached * piety under Okawaru
  5143 | D:7      | Reached skill level 14 in Ranged Weapons
  5143 | D:7      | HP: 11/46 [something/ball of steam (21)]
  5146 | D:7      | 5146 ||| READING 3 scrolls of teleportation.
  5146 | D:7      | HP: 1/46 [steam dragon] (9)]
  5148 | D:7      | Reached skill level 1 in Invocations
  5148 | D:7      | Reached XP level 9. HP: 2/51 MP: 11/11
  5573 | D:7      | 5573 ||| DROPPING wand of flame (19).
  5626 | D:8      | Reached skill level 6 in Dodging
  5767 | D:8      | Reached skill level 3 in Invocations
  5910 | D:8      | Reached ** piety under Okawaru
  5988 | D:8      | Reached skill level 15 in Ranged Weapons
  6106 | D:8      | Found an ornate altar of the Wu Jian Council.
  6106 | D:8      | Found a radiant altar of Vehumet.
  6110 | D:8      | Found a shimmering blue altar of Sif Muna.
  6110 | D:8      | Found a hazy altar of Hepliaklqana.
  6112 | D:8      | Noticed a gargoyle
  6113 | D:8      | 6113 ||| INVOKING Heroism.
  6118 | D:8      | Killed a gargoyle
  6307 | D:8      | Noticed an arcanist
  6308 | D:8      | 6308 ||| INVOKING Heroism.
  6309 | D:8      | Killed an arcanist
  6311 | D:8      | Reached *** piety under Okawaru
  6312 | D:8      | Reached XP level 10. HP: 58/58 MP: 12/15
  6315 | D:8      | Noticed a two-headed ogre
  6323 | D:8      | Killed a two-headed ogre
  6324 | D:8      | Reached skill level 16 in Ranged Weapons
  6325 | D:8      | HP: 10/58 [orc warrior/+0 scimitar (15)]
  6326 | D:8      | 6326 ||| READING 3 scrolls of teleportation.
  6926 | D:8      | 6926 ||| READING scroll of identify.
  6926 | D:8      | 6926 ||| IDENTIFYING scroll labelled WAINWO BIMI
  6927 | D:8      | 6927 ||| READING scroll labelled ZEUGUR TOWU.
  7023 | D:8      | 7023 ||| DROPPING scroll of immolation.
  7179 | D:9      | Reached **** piety under Okawaru
  7234 | D:9      | 7234 ||| RETREEEEATING.
  7235 | D:9      | 7235 ||| RETREEEEATING.
  7236 | D:9      | 7236 ||| RETREEEEATING.
  7237 | D:9      | 7237 ||| RETREEEEATING.
  7238 | D:9      | 7238 ||| RETREEEEATING.
  7239 | D:9      | 7239 ||| RETREEEEATING.
  7240 | D:9      | 7240 ||| RETREEEEATING.
  7326 | D:9      | 7326 ||| RETREEEEATING.
  7327 | D:9      | 7327 ||| RETREEEEATING.
  7328 | D:9      | 7328 ||| RETREEEEATING.
  7329 | D:9      | 7329 ||| RETREEEEATING.
  7330 | D:9      | 7330 ||| RETREEEEATING.
  7333 | D:9      | 7333 ||| RETREEEEATING.
  7346 | D:9      | Reached skill level 17 in Ranged Weapons
  7431 | D:9      | Reached skill level 6 in Invocations
  7530 | D:9      | Found Faan's Jewellery Shop.
  7542 | D:9      | 7542 ||| SHOPLISTING +6 ring of dexterity (504 gold, have
                  | 464).
  7542 | D:9      | 7542 ||| SHOPLISTING amulet of faith (560 gold, have 464).
  7542 | D:9      | 7542 ||| BUYING amulet of reflection (420 gold).
  7542 | D:9      | Bought an amulet of reflection for 420 gold pieces
  7542 | D:9      | 7542 ||| SHOPLISTING ring of protection from fire (350
                  | gold, have 44).
  7721 | D:9      | 7721 ||| UPGRADING to amulet of reflection.
  7726 | D:9      | 7726 ||| UPGRADING to ring of poison resistance.
  7728 | D:9      | 7728 ||| READING scroll labelled OWEGGITTOG.
  7729 | D:9      | 7729 ||| READING scroll labelled FUHILU JACA.
  7767 | D:10     | Entered Level 10 of the Dungeon
  7803 | D:10     | Noticed a two-headed ogre
  7804 | D:10     | 7804 ||| INVOKING Finesse.
  7807 | D:10     | Killed a two-headed ogre
  7808 | D:10     | Reached XP level 11. HP: 62/62 MP: 11/18
  7954 | D:10     | Reached ***** piety under Okawaru
  8321 | D:10     | Found Bet Omow's Tiny Tomes.
  8801 | D:10     | Found a bloodstained altar of Trog.
  8841 | D:10     | 8841 ||| READING scroll of identify.
  8841 | D:10     | 8841 ||| IDENTIFYING emerald potion
  8842 | D:10     | 8842 ||| READING scroll labelled NAMAJEIFUCH.
  8843 | D:10     | 8843 ||| DROPPING scroll of blinking.
  8892 | D:11     | 8892 ||| INVOKING Finesse.
  8896 | D:11     | Reached skill level 18 in Ranged Weapons
  8962 | D:11     | 8962 ||| RETREEEEATING.
  8963 | D:11     | 8963 ||| RETREEEEATING.
  8973 | D:11     | 8973 ||| RETREEEEATING.
  8974 | D:11     | 8974 ||| RETREEEEATING.
  8977 | D:11     | 8977 ||| RETREEEEATING.
  8983 | D:11     | Received a gift from Okawaru
  9017 | D:11     | Found a staircase to the Lair.
  9256 | D:11     | 9256 ||| Stepping randomly (disturbance).
  9257 | D:11     | 9257 ||| Stepping randomly (disturbance).
  9269 | D:11     | Reached skill level 9 in Dodging
  9269 | D:11     | Reached skill level 9 in Invocations
  9594 | D:11     | 9594 ||| READING scroll of enchant weapon.
  9594 | D:11     | 9594 ||| ENCHANTING +5 arbalest of flaming.
  9630 | D:11     | 9630 ||| PLANNING LAIR
  9630 | D:11     | 9630 ||| READING scroll of identify.
  9630 | D:11     | 9630 ||| IDENTIFYING fuming emerald potion
  9655 | Lair:1   | Entered Level 1 of the Lair of Beasts
  9680 | Lair:1   | 9680 ||| RETREEEEATING.
  9684 | Lair:1   | 9684 ||| RETREEEEATING.
  9688 | Lair:1   | 9688 ||| RETREEEEATING.
  9689 | Lair:1   | 9689 ||| RETREEEEATING.
  9690 | Lair:1   | 9690 ||| RETREEEEATING.
  9691 | Lair:1   | 9691 ||| RETREEEEATING.
  9692 | Lair:1   | 9692 ||| RETREEEEATING.
  9693 | Lair:1   | 9693 ||| RETREEEEATING.
  9745 | Lair:1   | Received a gift from Okawaru
  9855 | Lair:1   | Found a bloodstained altar of Trog.
  9863 | Lair:1   | Reached skill level 6 in Fighting
  9888 | Lair:1   | 9888 ||| RETREEEEATING.
  9894 | Lair:1   | 9894 ||| RETREEEEATING.
  9896 | Lair:1   | 9896 ||| RETREEEEATING.
  9903 | Lair:1   | Reached XP level 12. HP: 70/70 MP: 21/21
  9932 | Lair:1   | 9932 ||| READING scroll of enchant weapon.
  9932 | Lair:1   | 9932 ||| ENCHANTING +6 arbalest of flaming.
 10055 | Lair:1   | Reached skill level 3 in Armour
 10159 | Lair:1   | Noticed Nergalle
 10162 | Lair:1   | Killed Nergalle
 10233 | Lair:1   | Received a gift from Okawaru
 10349 | Lair:1   | 10349 ||| RETREEEEATING.
 10350 | Lair:1   | 10350 ||| RETREEEEATING.
 10351 | Lair:1   | 10351 ||| RETREEEEATING.
 10352 | Lair:1   | 10352 ||| RETREEEEATING.
 10353 | Lair:1   | 10353 ||| RETREEEEATING.
 10354 | Lair:1   | 10354 ||| RETREEEEATING.
 10355 | Lair:1   | 10355 ||| RETREEEEATING.
 10356 | Lair:1   | 10356 ||| RETREEEEATING.
 10357 | Lair:1   | 10357 ||| RETREEEEATING.
 10358 | Lair:1   | 10358 ||| RETREEEEATING.
 10359 | Lair:1   | 10359 ||| RETREEEEATING.
 10620 | Lair:1   | 10620 ||| UPGRADING to +1 cloak.
 10625 | Lair:1   | 10625 ||| DROPPING +6 ring of intelligence.
 10626 | Lair:1   | 10626 ||| DROPPING +6 ring of strength.
 10627 | Lair:1   | 10627 ||| DROPPING ring of see invisible.
 10698 | Lair:2   | 10698 ||| RETREEEEATING.
 10707 | Lair:2   | 10707 ||| INVOKING Finesse.
 10884 | Lair:2   | 10884 ||| RETREEEEATING.
 10885 | Lair:2   | 10885 ||| RETREEEEATING.
 10886 | Lair:2   | 10886 ||| RETREEEEATING.
 10887 | Lair:2   | 10887 ||| RETREEEEATING.
 10888 | Lair:2   | 10888 ||| RETREEEEATING.
 10892 | Lair:2   | Reached skill level 12 in Dodging
 10909 | Lair:2   | Received a gift from Okawaru
 11002 | Lair:2   | 11002 ||| INVOKING Finesse.
 11003 | Lair:2   | 11003 ||| RETREEEEATING.
 11381 | Lair:2   | Noticed Erica
 11382 | Lair:2   | 11382 ||| INVOKING Finesse.
 11385 | Lair:2   | Killed Erica
 11464 | Lair:2   | Found a staircase to the Snake Pit.
 11645 | Lair:2   | 11645 ||| READING scroll of identify.
 11645 | Lair:2   | 11645 ||| IDENTIFYING blue potion
 11646 | Lair:2   | 11646 ||| DRINKING 2 silvery potions.
 11647 | Lair:2   | 11647 ||| DRINKING 5 potions of curing.
 11647 | Lair:2   | 11647 ||| (to cure confusion)
 11648 | Lair:2   | 11648 ||| DROPPING potion of ambrosia.
 11649 | Lair:2   | 11649 ||| DROPPING potion of brilliance.
 11667 | Lair:3   | 11667 ||| RETREEEEATING.
 11682 | Lair:3   | Reached XP level 13. HP: 66/78 MP: 22/22
 11787 | Lair:3   | 11787 ||| RETREEEEATING.
 11788 | Lair:3   | 11788 ||| RETREEEEATING.
 11794 | Lair:3   | 11794 ||| RETREEEEATING.
 11795 | Lair:3   | 11795 ||| RETREEEEATING.
 11799 | Lair:3   | 11799 ||| RETREEEEATING.
 11800 | Lair:3   | 11800 ||| RETREEEEATING.
 11801 | Lair:3   | 11801 ||| RETREEEEATING.
 11802 | Lair:3   | 11802 ||| RETREEEEATING.
 11803 | Lair:3   | 11803 ||| RETREEEEATING.
 11804 | Lair:3   | 11804 ||| RETREEEEATING.
 11805 | Lair:3   | 11805 ||| INVOKING Finesse.
 11810 | Lair:3   | Received a gift from Okawaru
 12001 | Lair:3   | Reached skill level 9 in Fighting
 12294 | Lair:3   | Found a staircase to the Shoals.
 12828 | Lair:4   | 12828 ||| RETREEEEATING.
 12829 | Lair:4   | 12829 ||| RETREEEEATING.
 12830 | Lair:4   | 12830 ||| RETREEEEATING.
 12832 | Lair:4   | 12832 ||| RETREEEEATING.
 12895 | Lair:4   | 12895 ||| INVOKING Finesse.
 12936 | Lair:4   | Received a gift from Okawaru
 13145 | Lair:4   | Noticed Kirke
 13146 | Lair:4   | 13146 ||| INVOKING Finesse.
 13150 | Lair:4   | 13150 ||| RETREEEEATING.
 13151 | Lair:4   | 13151 ||| RETREEEEATING.
 13154 | Lair:4   | 13154 ||| RETREEEEATING.
 13155 | Lair:4   | 13155 ||| RETREEEEATING.
 13157 | Lair:4   | 13157 ||| RETREEEEATING.
 13158 | Lair:4   | 13158 ||| RETREEEEATING.
 13159 | Lair:4   | 13159 ||| RETREEEEATING.
 13160 | Lair:4   | 13160 ||| RETREEEEATING.
 13167 | Lair:4   | 13167 ||| DRINKING potion of cancellation.
 13172 | Lair:4   | Killed Kirke
 13303 | Lair:4   | 13303 ||| RETREEEEATING.
 13313 | Lair:4   | 13313 ||| INVOKING Finesse.
 13314 | Lair:4   | 13314 ||| INVOKING Heroism.
 13390 | Lair:4   | 13390 ||| INVOKING Finesse.
 13391 | Lair:4   | 13391 ||| INVOKING Heroism.
 13767 | Lair:4   | 13767 ||| DRINKING 2 white potions.
 13767 | Lair:4   | Gained mutation: You occasionally lose the ability to drink
                  | potions when taking damage. [potion of mutation]
 13768 | Lair:4   | 13768 ||| DRINKING potion of mutation.
 13768 | Lair:4   | Lost mutation: You occasionally lose the ability to drink
                  | potions when taking damage. [potion of mutation]
 13768 | Lair:4   | Gained mutation: You sometimes lose your temper in combat.
                  | [potion of mutation]
 13768 | Lair:4   | Gained mutation: You expend magic power (3 MP) to
                  | strengthen your wands. [potion of mutation]
 13768 | Lair:4   | Gained mutation: You have a somewhat thin skeletal
                  | structure. (Dex +2, Stealth+) [potion of mutation]
 13793 | Lair:5   | Entered Level 5 of the Lair of Beasts
 13799 | Lair:5   | 13799 ||| RETREEEEATING.
 13800 | Lair:5   | 13800 ||| RETREEEEATING.
 13801 | Lair:5   | 13801 ||| RETREEEEATING.
 13802 | Lair:5   | 13802 ||| INVOKING Finesse.
 13922 | Lair:5   | Reached skill level 15 in Dodging
 13957 | Lair:5   | Found a viscous altar of Jiyva.
 14011 | Lair:5   | Found a staircase to the Slime Pits.
 14015 | Lair:5   | 14015 ||| FLEEEEING.
 14132 | Lair:5   | 14132 ||| FLEEEEING.
 14446 | Lair:5   | 14446 ||| RETREEEEATING.
 14459 | Lair:5   | Reached XP level 14. HP: 88/88 MP: 23/23
 14479 | Lair:5   | Found a dark tunnel.
 14513 | Lair:5   | 14513 ||| INVOKING Finesse.
 14572 | Lair:5   | 14572 ||| INVOKING Finesse.
 14573 | Lair:5   | 14573 ||| INVOKING Heroism.
 14750 | Lair:5   | 14750 ||| READING scroll of enchant weapon.
 14750 | Lair:5   | 14750 ||| ENCHANTING +7 arbalest of flaming.
 14893 | Lair:5   | 14893 ||| INVOKING Finesse.
 14896 | Lair:5   | Reached skill level 6 in Armour
 15364 | Lair:5   | 15364 ||| PLANNING D
 15364 | Lair:5   | 15364 ||| UPGRADING to +0 fire dragon scales.
 15521 | D:12     | Noticed Snorg
 15527 | D:12     | Killed Snorg
 15659 | D:12     | Found a runed translucent gate.
 15659 | D:12     | Found a runed translucent gate.
 15664 | D:12     | Found a runed translucent gate.
 15686 | D:12     | Found a staircase to the Orcish Mines.
 15693 | D:12     | Noticed Jorgrun
 15697 | D:12     | 15697 ||| INVOKING Finesse.
 15704 | D:12     | Killed Jorgrun
 16099 | D:12     | 16099 ||| RETREEEEATING.
 16100 | D:12     | 16100 ||| RETREEEEATING.
 16100 | D:12     | Noticed an orc warlord
 16101 | D:12     | 16101 ||| INVOKING Finesse.
 16102 | D:12     | 16102 ||| INVOKING Heroism.
 16103 | D:12     | 16103 ||| RETREEEEATING.
 16104 | D:12     | 16104 ||| RETREEEEATING.
 16105 | D:12     | 16105 ||| RETREEEEATING.
 16106 | D:12     | 16106 ||| RETREEEEATING.
 16107 | D:12     | 16107 ||| RETREEEEATING.
 16108 | D:12     | 16108 ||| RETREEEEATING.
 16109 | D:12     | 16109 ||| RETREEEEATING.
 16110 | D:12     | 16110 ||| RETREEEEATING.
 16111 | D:12     | 16111 ||| RETREEEEATING.
 16114 | D:12     | 16114 ||| RETREEEEATING.
 16134 | D:12     | Killed an orc warlord
 16138 | D:12     | 16138 ||| RETREEEEATING.
 16141 | D:12     | 16141 ||| RETREEEEATING.
 16142 | D:12     | 16142 ||| RETREEEEATING.
 16143 | D:12     | 16143 ||| RETREEEEATING.
 16143 | D:12     | HP: 1/88 [orc knight/+0 great sword (35)]
 16144 | D:12     | 16144 ||| READING 5 scrolls of teleportation.
 16145 | D:12     | 16145 ||| DRINKING 4 potions of heal wounds.
 16145 | D:12     | Paralysed by an orc sorcerer for 5 turns
 16431 | D:12     | 16431 ||| READING scroll of enchant armour.
 16431 | D:12     | 16431 ||| ENCHANTING +0 fire dragon scales.
 16541 | D:12     | 16541 ||| RETREEEEATING.
 16542 | D:12     | 16542 ||| RETREEEEATING.
 16543 | D:12     | 16543 ||| INVOKING Finesse.
 16802 | D:12     | 16802 ||| DROPPING +0 ring mail.
 16803 | D:12     | 16803 ||| DROPPING +0 troll leather armour.
 16804 | D:12     | 16804 ||| UPGRADING to +0 pair of gloves.
 16809 | D:12     | 16809 ||| DROPPING ring of magical power.
 16810 | D:12     | 16810 ||| READING 2 scrolls of identify.
 16810 | D:12     | 16810 ||| IDENTIFYING sedimented purple potion
 16872 | D:13     | 16872 ||| RETREEEEATING.
 16874 | D:13     | 16874 ||| RETREEEEATING.
 16878 | D:13     | 16878 ||| RETREEEEATING.
 16900 | D:13     | Reached skill level 9 in Armour
 17068 | D:13     | Received a gift from Okawaru
 17072 | D:13     | Noticed Sonja
 17077 | D:13     | Killed Sonja
 17348 | D:13     | 17348 ||| DROPPING +4 ring of protection.
 17379 | D:14     | 17379 ||| STAIRDANCE
 17508 | D:14     | 17508 ||| RETREEEEATING.
 17509 | D:14     | 17509 ||| INVOKING Finesse.
 17542 | D:14     | Reached XP level 15. HP: 80/94 MP: 21/24
 17616 | D:14     | 17616 ||| INVOKING Finesse.
 17650 | D:14     | 17650 ||| FLEEEEING.
 17652 | D:14     | 17652 ||| FLEEEEING.
 17755 | D:14     | HP: 16/94 [acid (8)]
 17756 | D:14     | 17756 ||| READING 5 scrolls of teleportation.
 17757 | D:14     | 17757 ||| DRINKING 3 potions of heal wounds.
 18071 | D:14     | Received a gift from Okawaru
 18093 | D:14     | 18093 ||| INVOKING Finesse.
 18130 | D:14     | 18130 ||| INVOKING Finesse.
 18278 | D:14     | 18278 ||| SWAPPING to +0 longbow.
 18279 | D:14     | 18279 ||| DROPPING +8 arbalest of flaming.
 18289 | D:14     | Found a gate to the Vaults.
 18307 | D:14     | HP: 20/94 [vault guard/+0 war axe (12)]
 18308 | D:14     | 18308 ||| READING 5 scrolls of teleportation.
 18309 | D:14     | 18309 ||| DRINKING 2 potions of heal wounds.
 18667 | D:14     | Noticed a frost giant
 18667 | D:14     | Noticed a sphinx
 18668 | D:14     | 18668 ||| DRINKING 13 potions of curing.
 18668 | D:14     | 18668 ||| (to cure confusion)
 18671 | D:14     | 18671 ||| INVOKING Finesse.
 18672 | D:14     | 18672 ||| INVOKING Heroism.
 18684 | D:14     | Killed a frost giant
 18690 | D:14     | Killed a sphinx
 18700 | D:14     | 18700 ||| FLEEEEING.
 18934 | D:14     | 18934 ||| RETREEEEATING.
 18936 | D:14     | 18936 ||| RETREEEEATING.
 18963 | D:14     | HP: 14/94 [crystal guardian/crystal bolt (13)]
 18964 | D:14     | 18964 ||| READING 4 scrolls of teleportation.
 18965 | D:14     | 18965 ||| DRINKING potion of heal wounds.
 19413 | D:14     | 19413 ||| DROPPING +1 troll leather armour {Snorg}.
 19414 | D:14     | 19414 ||| DROPPING +0 acid dragon scales.
 19443 | D:15     | Entered Level 15 of the Dungeon
 19476 | D:15     | Reached skill level 19 in Ranged Weapons
 19491 | D:15     | 19491 ||| RETREEEEATING.
 19494 | D:15     | 19494 ||| RETREEEEATING.
 19497 | D:15     | 19497 ||| RETREEEEATING.
 19675 | D:15     | 19675 ||| Stepping randomly (disturbance).
 19676 | D:15     | 19676 ||| Stepping randomly (disturbance).
 19682 | D:15     | Received a gift from Okawaru
 19703 | D:15     | Found a runed translucent door.
 19708 | D:15     | Identified the +8 trident of Hoqom {drain, rPois Stlth+}
 19709 | D:15     | Identified the +0 leather armour of Refuge {rF+++ rN+ Will+
                  | Stlth-}
 19709 | D:15     | Noticed qw's ghost (journeyman SpHu)
 19924 | D:15     | Found a staircase to the Depths.
 20214 | D:15     | Found a hide-covered altar of Uskayaw.
 20241 | D:15     | 20241 ||| RETREEEEATING.
 20254 | D:15     | Reached skill level 20 in Ranged Weapons
 20527 | D:15     | 20527 ||| PLANNING ORC
 20527 | D:15     | 20527 ||| READING 3 scrolls of identify.
 20527 | D:15     | 20527 ||| IDENTIFYING smoky puce potion
 20666 | Orc:1    | Entered Level 1 of the Orcish Mines
 20667 | Orc:1    | 20667 ||| STAIRDANCE
 20700 | Orc:1    | 20700 ||| STAIRDANCE
 20799 | Orc:1    | 20799 ||| STAIRDANCE
 20836 | Orc:1    | 20836 ||| STAIRDANCE
 20896 | Orc:1    | 20896 ||| STAIRDANCE
 20939 | Orc:1    | 20939 ||| STAIRDANCE
 21049 | Orc:1    | 21049 ||| STAIRDANCE
 21118 | Orc:1    | 21118 ||| INVOKING Finesse.
 21535 | Orc:2    | Entered Level 2 of the Orcish Mines
 21540 | Orc:2    | 21540 ||| STAIRDANCE
 21548 | Orc:2    | 21548 ||| STAIRDANCE
 21814 | Orc:2    | Found Losuq's Distillery.
 21822 | Orc:2    | 21822 ||| BUYING 2 potions of might (88 gold).
 21822 | Orc:2    | Bought 2 potions of might for 88 gold pieces
 21822 | Orc:2    | 21822 ||| BUYING potion of cancellation (88 gold).
 21822 | Orc:2    | Bought a potion of cancellation for 88 gold pieces
 21822 | Orc:2    | 21822 ||| BUYING potion of enlightenment (55 gold).
 21822 | Orc:2    | Bought a potion of enlightenment for 55 gold pieces
 21822 | Orc:2    | 21822 ||| BUYING potion of heal wounds (55 gold).
 21822 | Orc:2    | Bought a potion of heal wounds for 55 gold pieces
 21822 | Orc:2    | 21822 ||| BUYING potion of might (44 gold).
 21822 | Orc:2    | Bought a potion of might for 44 gold pieces
 21822 | Orc:2    | 21822 ||| BUYING potion of resistance (110 gold).
 21822 | Orc:2    | Bought a potion of resistance for 110 gold pieces
 21919 | Orc:2    | Found a staircase to the Elven Halls.
 22187 | Orc:2    | Noticed Saint Roka
 22188 | Orc:2    | 22188 ||| RETREEEEATING.
 22189 | Orc:2    | 22189 ||| RETREEEEATING.
 22190 | Orc:2    | 22190 ||| RETREEEEATING.
 22197 | Orc:2    | 22197 ||| RETREEEEATING.
 22198 | Orc:2    | 22198 ||| RETREEEEATING.
 22199 | Orc:2    | 22199 ||| RETREEEEATING.
 22200 | Orc:2    | 22200 ||| RETREEEEATING.
 22208 | Orc:2    | 22208 ||| RETREEEEATING.
 22210 | Orc:2    | 22210 ||| RETREEEEATING.
 22211 | Orc:2    | 22211 ||| RETREEEEATING.
 22212 | Orc:2    | 22212 ||| RETREEEEATING.
 22213 | Orc:2    | 22213 ||| RETREEEEATING.
 22214 | Orc:2    | 22214 ||| RETREEEEATING.
 22215 | Orc:2    | 22215 ||| RETREEEEATING.
 22216 | Orc:2    | 22216 ||| RETREEEEATING.
 22217 | Orc:2    | 22217 ||| RETREEEEATING.
 22218 | Orc:2    | 22218 ||| RETREEEEATING.
 22219 | Orc:2    | 22219 ||| RETREEEEATING.
 22220 | Orc:2    | 22220 ||| RETREEEEATING.
 22221 | Orc:2    | 22221 ||| RETREEEEATING.
 22222 | Orc:2    | 22222 ||| RETREEEEATING.
 22223 | Orc:2    | 22223 ||| RETREEEEATING.
 22224 | Orc:2    | 22224 ||| RETREEEEATING.
 22225 | Orc:2    | 22225 ||| RETREEEEATING.
 22226 | Orc:2    | 22226 ||| RETREEEEATING.
 22226 | Orc:2    | HP: 21/96 [orc high priest/divine providence (15)]
 22227 | Orc:2    | 22227 ||| READING 3 scrolls of teleportation.
 22228 | Orc:2    | 22228 ||| DRINKING potion of heal wounds.
 22229 | Orc:2    | HP: 9/92 [red devil/+1 demon trident of draining[an orc
                  | high priest] (3)]
 22231 | Orc:2    | HP: 3/92 [poisoned by an orc warrior]
 22232 | Orc:2    | 22232 ||| DRINKING 12 potions of curing.
 22232 | Orc:2    | 22232 ||| (to cure poison)
 22280 | Orc:2    | Received a gift from Okawaru
 22281 | Orc:2    | Reached skill level 12 in Fighting
 22571 | Orc:1    | Paralysed by an orc sorcerer for 5 turns
 22847 | Orc:2    | Noticed Maurice
 22859 | Orc:2    | Killed Maurice
 22976 | Orc:2    | 22976 ||| INVOKING Finesse.
 23006 | Orc:2    | HP: 18/96 [Saint Roka/divine providence (13)]
 23007 | Orc:2    | 23007 ||| READING 2 scrolls of teleportation.
 23007 | Orc:2    | Mangled by Saint Roka

Levels and vault maps discovered:
D:1:      shiori_arrival_oz, layout_loops_corners,
          chequers_ecumenical_altar_island
D:2:      layout_basic, serial_shops, nicolae_lakefront_shop, nrook_mini_vaults
D:3:      layout_loops_ring, dk_yredelemnul_ordeal
D:4:      layout_rooms, nrook_loot_triangle, kennysheep_doodads,
          grunt_decor_resistance, hangedman_decor_riveting, uniq_eustachio
D:5:      layout_cave_pools, st_stairs_11
D:6:      layout_basic, temple_statues
D:7:      layout_layer_cave, uniq_jeremiah
D:8:      layout_basic, grunt_temple_overflow_open, serial_glass,
          glass_columns_c, glass_columns_a, minmay_strange_pillars,
          chequers_big_river, solitary_fountain, minmay_manual_monstrance
D:9:      layout_long_grid, serial_shops, nicolae_shop_waterfront,
          chequers_serial_rivers_room_b
D:10:     layout_loops_ring, trog_hazing_becter,
          nicolae_shop_i_like_small_books_too, hangedman_abyss_or_decor_slice,
          nicolae_elevator_lobby_plus
D:11:     layout_roguey, minmay_lair_entry_grove
D:12:     layout_basic, orc_david_3,
          ploomutoo_gammafunk_ghost_potion_laboratory, st_stairs_3,
          lightli_church_of_beogh, uniq_jorgrun, uniq_snorg
D:13:     layout_rooms, uniq_sonja
D:14:     cheibrodos_leafed_vault, layout_cave_pools,
          grunt_vaults_entry_fortified, nicolae_lava_and_water
D:15:     grunt_enter_depths_magical_seal, layout_basic,
          ebering_ghost_funeral_grove, nicolae_uskayaw_suspiria
Temple:   eino_temple_rhombus
Lair:1:   layout_regular_city, basic_altar, grunt_megastairs_1,
          serial_bayou_shore_a, uniq_nergalle
Lair:2:   layout_gridlike, nicolae_snake_entry_squirm, uniq_erica
Lair:3:   layout_regular_city, shoals_dummy_entry, serial_bayou_pond_e,
          grunt_forest_stairs_basic, st_stairs_7
Lair:4:   layout_gridlike, pdpol_lair_cavern_descent, uniq_kirke
Lair:5:   wormcave, layout_concentric_octagons,
          minmay_slime_entry_oklob_enclosed, nicolae_volcano_entry_lava_flow,
          infiniplex_staircase_pool
Orc:1:    layout_caves
Orc:2:    grunt_orc_community_town_hall, layout_diamond_mine,
          grunt_orc_community_big_house_1, grunt_orc_community_big_house_1,
          grunt_orc_community_house_1, grunt_orc_community_house_1,
          grunt_orc_community_house_1, grunt_orc_community_house_2, uniq_maurice

Skill      XL: |  1  2  3  4  5  6  7  8  9 10 11 12 13 14 15 |
---------------+----------------------------------------------+-----
Ranged Weapons | 6 7 8 9 10 12 14 15 17 18 20 | 20.0
Dodging        | 3 4 5 7 9 13 15 16 17 | 17.2
Fighting       | 2 3 4 6 8 10 11 12 | 12.0
Armour         | 1 2 4 5 9 10 | 10.0
Invocations    | 1 4 6 10 | 10.0
Stealth        | |  1.2

Action                     |  1- 3 |  4- 6 |  7- 9 | 10-12 | 13-15 || total
---------------------------+-------+-------+-------+-------+-------++-------
   Fire: Shortbow          |    98 |       |       |       |       ||    98
         Arbalest          |     9 |    92 |   130 |   500 |   757 ||  1488
         Longbow           |       |       |       |       |   624 ||   624
 Invoke: Heroism           |       |       |     2 |       |     5 ||     7
         Finesse           |       |       |       |     5 |    19 ||    24
  Evoke: Wand              |       |       |     4 |       |       ||     4
    Use: Scroll            |     6 |     8 |     3 |    11 |    10 ||    38
         Potion            |     1 |       |       |     2 |    10 ||    13
 Armour: Leather armour    |    23 |       |       |       |       ||    23
         Ring mail         |     6 |    21 |    38 |   161 |    83 ||   309
         Fire dragon scale |       |       |       |       |   281 ||   281
  Dodge: Dodged            |    21 |    30 |    20 |   214 |   512 ||   797
  Block: Other             |       |       |       |    41 |   112 ||   153
         Reflection        |       |       |       |     6 |    20 ||    26

Table legend:
 A = Non-vault XP
 B = Vault XP
 C = Vault XP percentage of total XP
 D = Non-vault monster count
 E = Vault monster count
 F = Vault count percentage of total count
                 A         B        C        D         E       F
            +---------+---------+-------+---------+---------+-------
      Total |   88261 |   60106 |  40.5 |     521 |     192 |  26.9
            +---------+---------+-------+---------+---------+-------
        D:1 |      27 |       3 |  10.0 |      16 |       2 |  11.1
        D:2 |      55 |       0 |   0.0 |      18 |       0 |   0.0
        D:3 |      77 |       2 |   2.5 |      19 |       2 |   9.5
        D:4 |     231 |     185 |  44.5 |      34 |       1 |   2.9
        D:5 |     490 |     201 |  29.1 |      14 |       4 |  22.2
        D:6 |     586 |       0 |   0.0 |      12 |       0 |   0.0
        D:7 |     911 |     382 |  29.5 |      18 |       1 |   5.3
        D:8 |    1950 |    2129 |  52.2 |      25 |       5 |  16.7
        D:9 |    3057 |       0 |   0.0 |      31 |       0 |   0.0
       D:10 |    2841 |      11 |   0.4 |      31 |       6 |  16.2
       D:11 |    3106 |    2265 |  42.2 |      21 |      10 |  32.3
       D:12 |    5698 |    8378 |  59.5 |      26 |      32 |  55.2
       D:13 |    9218 |     788 |   7.9 |      24 |       1 |   4.0
       D:14 |    5568 |   18678 |  77.0 |      18 |      32 |  64.0
       D:15 |    7798 |    4359 |  35.9 |      16 |      10 |  38.5
     Lair:1 |    7152 |    1826 |  20.3 |      33 |       5 |  13.2
     Lair:2 |    8541 |    1323 |  13.4 |      35 |       4 |  10.3
     Lair:3 |    8277 |     799 |   8.8 |      30 |       1 |   3.2
     Lair:4 |    5650 |    4079 |  41.9 |      22 |      12 |  35.3
     Lair:5 |    9902 |   10035 |  50.3 |      33 |      23 |  41.1
      Orc:1 |    5141 |       0 |   0.0 |      27 |       0 |   0.0
      Orc:2 |    1985 |    4663 |  70.1 |      18 |      41 |  69.5
            +---------+---------+-------+---------+---------+-------
